 Dungeon Crawl Stone Soup version 0.31-a0-876-gfe8ebadbca (webtiles) character file.

Game seed: 17056120480772867628

588 LeprechaunX the Changeling (level 7, -5/46 HPs)
             Began as an Octopode Shapeshifter on Oct 14, 2023.
             Was an Initiate of Ru.
             Killed from afar by an orc wizard (10 damage)
             ... with a magic dart
             ... on level 4 of the Dungeon.
             The game lasted 00:06:15 (3308 turns).

LeprechaunX the Changeling (Octopode Shapeshifter)  Turns: 3308, Time: 00:06:15

Health: -5/46      AC:  1    Str: 15    XL:     7   Next: 38%
Magic:  7/7        EV: 13    Int: 18    God:    Ru [......]
Gold:   173        SH:  4    Dex: 12    Spells: 6/6 levels left

rFire   . . .        f - +3 spear
rCold   . . .        o - +0 buckler
rNeg    . . .        (helmet currently unavailable)
rPois   +            (no amulet)
rElec   .            g - ring of flight
rCorr   .            p - +6 ring of intelligence
SInv    .            s - ring of poison resistance
Will    .....        (no ring)
Stlth   ++           (no ring)
HPRegen 0.27/turn    (no ring)
MPRegen 0.10/turn    (no ring)
                     (no ring)

%: no passive effects
@: beast-form, flying
A: beast (slay +2), almost no armour, amphibious, 8 rings, camouflage 1,
gelatinous body 1, (nimble swimmer 1), tentacles
a: Begin Untransformation, Renounce Religion


You were on level 4 of the Dungeon.
You worshipped Ru.
Ru was noncommittal.
You were a hulking beast.
You visited 1 branch of the dungeon, and saw 4 of its levels.

You collected 173 gold pieces.

Inventory:

Hand Weapons
 f - a +3 spear (weapon)
Missiles
 k - 2 throwing nets
Armour
 o - a +0 buckler (worn)
Jewellery
 g - a ring of flight (left tentacle)
 p - a +6 ring of intelligence (right tentacle)
 s - a ring of poison resistance (on tentacle)
Talismans
 b - a beast talisman (active)
 c - a flux talisman
Wands
 n - a wand of flame (50)
Scrolls
 e - 3 scrolls of fog {unknown}
 i - 2 scrolls of teleportation {unknown}
 j - a scroll of identify {unknown}
 l - a scroll of brand weapon {unknown}
 m - 3 scrolls of revelation {unknown}
 r - a scroll of silence {unknown}
Potions
 a - a potion of lignification
 d - 2 potions of curing {unknown}
 h - a potion of degeneration {unknown}
 q - a potion of magic {unknown}


   Skills:
 + Level 3.1 Fighting
 + Level 3.5 Dodging
 + Level 2.1 Shields
 + Level 4.2 Unarmed Combat
 + Level 2.1 Evocations
 * Level 5.0 Shapeshifting


You had 6 spell levels left.
You didn't know any spells.
Your spell library contained the following spells:

 Spells                   Type           Power      Damage    Failure   Level
 Apportation              Tloc           0%         N/A       28%         1
 Cigotuvi's Dreadful Rot  Necr/Pois/Air  0%         N/A       41%         2
 Jinxbite                 Hex            0%         N/A       41%         2
 Brom's Barrelling Bould  Conj/Erth      0%         2d3       96%         4
 Dispel Undead            Necr           0%         3d6       96%         4
 Alistair's Intoxication  Tmut/Pois      0%         N/A       100%        5
 Fireball                 Conj/Fire      0%         3d3       100%        5
 Iskenderun's Battlesphe  Conj           0%         2d6       100%        5
 Conjure Ball Lightning   Conj/Air       0%         3x3d6     100%        6
 Death Channel            Necr           0%         N/A       100%        6
 Malign Gateway           Summ/Tloc      0%         N/A       100%        7
 Orb of Destruction       Conj           0%         9d5       100%        7
 Summon Horrible Things   Summ           0%         N/A       100%        8


Dungeon Overview and Level Annotations

Branches:
Dungeon (4/15)
 Temple: D:4-7

Altars:
Cheibriados
Gozag
Ru

Annotations:
D:3 1 runed translucent door, Crazy Yiuf


Innate Abilities, Weirdness & Mutations

You are a hulking beast.
Your limbs bulge with bestial killing power. (Slay +2)
You cannot wear most types of armour.
You are amphibious.
You can wear up to eight rings at the same time.
Your skin changes colour to match your surroundings (Stealth+).
Your rubbery body absorbs attacks. (AC +1, EV +1)
((You are camouflaged when in or above water. (Stealth+)))
You have tentacles for arms and can constrict up to eight enemies at once.


Message History

You bump into the rock wall.
You bump into the rock wall.
You feel less confused.
You hear some strange, mumbled words.
A puff of flame appears from out of thin air!
The puff of flame misses you. Something barely misses you.
You barely miss something. Your squeeze misses something. Something hits you.
You miss something. Something hits you.
You hit something. Something hits you. x2
You puncture something! Your squeeze misses something. Something hits you.
You miss something. Your squeeze misses something. Something hits you.
You miss something. Your squeeze misses something.
You hear some strange, mumbled words.
A magic dart appears from out of thin air!
The magic dart hits you.
You barely miss something. Your squeeze misses something.
You hear some strange, mumbled words.
You are confused.
You bump into the rock wall.
You hear some strange, mumbled words.
A puff of flame appears from out of thin air!
The puff of flame hits you!
* * * LOW HITPOINT WARNING * * *
You hit something but do no damage.
Your tentacle-slap misses something.
Your squeeze misses something. Something hits you.
* * * LOW HITPOINT WARNING * * *
Something hits you.
* * * LOW HITPOINT WARNING * * *
You hear some strange, mumbled words.
Something tries to affect you, but you resist.
You bump into the rock wall.
You bump into the rock wall.
Something hits you.
* * * LOW HITPOINT WARNING * * *
You bump into the rock wall.
You feel less confused.
You hear some strange, mumbled words.
A magic dart appears from out of thin air!
The magic dart hits you!
You die...

.......##+#.............
###+##.)................
#.....##+##+##.....
#.....#...#..#....
#.....#...#..# ..
#.....#...#..+ #.....+..
#.. ######...<.#.# #.#
........####.###h#
........'.......{#
........#........#
........#....##.$#
...##+###....##..#
...#.........#...# ..
#...###+####.)# .. #..
#.)# . #. ...+


There were no monsters in sight!

Vanquished Creatures
  Grinder (D:3)
  An ogre (D:4)
  A scorpion (D:3)
  An orc wizard (D:3)
  11 gnolls
  4 adders
  2 worms
  A dart slug (D:1)
  9 orcs
  8 bats (D:1)
  4 endoplasms (D:1)
  2 giant cockroaches
  12 goblins
  6 hobgoblins
  5 quokkas
  3 ball pythons (D:3)
  3 frilled lizards
  5 kobolds
  6 rats
85 creatures vanquished.

Notes
Turn   | Place    | Note
-------+----------+-------------------------------------------
     0 | D:1      | LeprechaunX the Octopode Shapeshifter began the quest for
                  | the Orb.
     0 | D:1      | Reached XP level 1. HP: 13/13 MP: 1/1
   136 | D:1      | Reached XP level 2. HP: 16/18 MP: 2/2
   712 | D:1      | Reached XP level 3. HP: 23/23 MP: 3/3
  1490 | D:2      | Reached XP level 4. HP: 29/29 MP: 4/4
  2217 | D:3      | Reached XP level 5. HP: 34/34 MP: 5/5
  2220 | D:3      | Reached skill level 4 in Shapeshifting
  2230 | D:3      | Found an opulent altar of Gozag.
  2455 | D:3      | Noticed Grinder
  2455 | D:3      | Paralysed by Grinder for 4 turns
  2460 | D:3      | Found a sacrificial altar of Ru.
  2469 | D:3      | Killed Grinder
  2470 | D:3      | Reached skill level 1 in Shields
  2470 | D:3      | Reached skill level 1 in Evocations
  2470 | D:3      | Reached XP level 6. HP: 41/41 MP: 6/6
  2482 | D:3      | Became a worshipper of Ru the Awakened
  2576 | D:3      | Found a runed translucent door.
  2577 | D:3      | Noticed Crazy Yiuf
  2613 | D:3      | Reached XP level 7. HP: 45/45 MP: 7/7
  2727 | D:3      | Found a snail-covered altar of Cheibriados.
  3221 | D:4      | Reached skill level 5 in Shapeshifting
  3308 | D:4      | Killed from afar by an orc wizard

Illustrated notes

Levels and vault maps discovered:
D:1:      sevenhm_arrival_forest_fort_large_4, layout_basic
D:2:      layout_loops_corners, grunt_decor_junction
D:3:      layout_basic, cheibrodos_worm_habitat,
          nicolae_gozag_cash_rules_everything_around_me,
          nicolae_ru_great_annihilating_truth, minmay_strange_pillars,
          uniq_grinder, uniq_crazy_yiuf_cottage
D:4:      layout_gridville, eino_tiny_chamber, uniq_eustachio

Skill      XL: |  1  2  3  4  5  6  7 |
---------------+----------------------+-----
Fighting       | 2 3 |  3.1
Shapeshifting  | 4 5 |  5.0
Dodging        | 3 |  3.5
Shields        | 1 2 |  2.1
Evocations     | 1 2 |  2.1
Unarmed Combat | 4 |  4.2

Action                     |  1- 3 |  4- 6 |  7- 9 || total
---------------------------+-------+-------+-------++-------
  Melee: Unarmed           |    23 |       |       ||    23
         Constrict         |    14 |    13 |     8 ||    35
         Tentacles         |    10 |    10 |     8 ||    28
         Spear             |    36 |    70 |    52 ||   158
         Punch             |     1 |     1 |     2 ||     4
   Stab: Sleeping          |    12 |     3 |     1 ||    16
         Paralysed         |       |     1 |       ||     1
 Armour: Skin              |    11 |    10 |    25 ||    46
  Dodge: Dodged            |    11 |    32 |    25 ||    68
  Block: Buckler           |       |     3 |     5 ||     8

Table legend: (Time is in decaauts)
 A = Elapsed time spent in this place.
 B = Non-inter-level travel time spent in this place.
 C = Inter-level travel time spent in this place.
 D = Time resting spent in this place.
 E = Time spent auto-exploring this place.
 F = Levels seen in this place.
 G = Mean time per level.
                   A        B        C        D        E       F      G
               +--------+--------+--------+--------+--------+-----+--------+
         Total |   3322 |   3233 |     89 |      0 |   2695 |   4 |  830.5 |
       Dungeon |   3322 |   3233 |     89 |      0 |   2695 |   4 |  830.5 |
               +--------+--------+--------+--------+--------+-----+--------+

Top non-repeatable levels by time:
     D:1: 1199 daAuts
     D:3: 836 daAuts
     D:2: 789 daAuts
     D:4: 498 daAuts
